 Zot Defence DCSS version 0.15.2 (webtiles) character file.

11 stupendous the Ruinous (level 2, -2/11 HPs)
             Began as a Felid Conjurer on Apr 11, 2019.
             Slain by Khukhl Merim the phantom (5 damage)
             ... in the Realm of Zot (Scenario I: Hall of Zot).
             The game lasted 00:01:48 (264 turns).

stupendous the Ruinous (Felid Conjurer)              Turns: 264, Time: 00:01:48

HP  -2/11        AC  1     Str  4      XL: 2   Next: 13%
MP   0/6         EV 18     Int 16      God:
Gold 0           SH  0     Dex 16      Spells:  1 memorised,  4 levels left
Lives: 0, deaths: 0

rFire  . . .     SeeInvis +     (weapon unavailable)
rCold  . . .     Clarity  .     (armour unavailable)
rNeg   . . .     rCorr    .     (shield unavailable)
rPois  .         rRot     .     (helmet unavailable)
rElec  .         Spirit   .     (cloak unavailable)
SustAb .         Warding  .     (gloves unavailable)
rMut   .         Stasis   .     (boots unavailable)
Gourm  .                        (no amulet)
MR     .....                    (no ring)
                                (no ring)

@: quick, not resistant to hostile enchantments, fairly stealthy
A: paw claws, no armour, no weapons or thrown items, fangs 3, see invisible,
carnivore 3, speed 1, shaggy fur 1, slow metabolism 1, jump 1
a: Make oklob sapling, Jump Attack


You were in the Realm of Zot.
You were not hungry.

You visited 1 branch

Inventory:

Comestibles
 d - a meat ration
Scrolls
 i - a scroll of blinking
Potions
 b - 3 potions of curing
 f - a potion of haste
 g - 2 potions of magic
 h - a potion of berserk rage
Books
 c - a book of Conjurations

   Spells                             Type                      Level
   *Magic Dart                        Conjuration                  1
   Searing Ray                        Conjuration                  2
   Dazzling Spray                     Conjuration/Hexes            3
   Fulminant Prism                    Conjuration/Hexes            4
   Iskenderun's Mystic Blast          Conjuration                  4
   Iskenderun's Battlesphere          Conjuration/Charms           5


   Skills:
 + Level 2.8 Dodging
 - Level 2.6 Stealth
 + Level 0.6 Unarmed Combat
 + Level 2.3 Spellcasting
 + Level 3.7 Conjurations


You had 4 spell levels left.
You knew the following spells:

 Your Spells              Type           Power        Failure   Level  Hunger
a - Magic Dart            Conj           ##..         6%          1    #......


Dungeon Overview and Level Annotations

Branches:
    Zot (1/1)

Altars:


Innate Abilities, Weirdness & Mutations

You cannot wear armour.
You are incapable of wielding weapons or throwing items.
Your paws have sharp claws.
You have razor-sharp teeth.
You have supernaturally acute eyesight.
You are carnivorous and can eat meat at any time.
You cover ground quickly.
You are covered in fur (AC +1).
You have a slow metabolism.
You can jump attack at a short distance.


Message History

You closely miss Khukhl Merim. Your bite misses Khukhl Merim.
Khukhl Merim is moderately damaged.
Khukhl Merim barely misses you.
You closely miss Khukhl Merim.
Khukhl Merim is moderately damaged.
Khukhl Merim misses you.
Casting: Magic Dart
Confirm with . or Enter, or press ? or * to list all spells.
Aiming: Magic Dart
Press: ? - help, Shift-Dir - straight line, f/p - Khukhl Merim
Aim: Khukhl Merim the phantom (moderately damaged)
The magic dart hits Khukhl Merim.
Khukhl Merim is moderately damaged.
Khukhl Merim blinks!
Your oklob sapling spits acid at Khukhl Merim.
The splash of acid hits Khukhl Merim.
Khukhl Merim blinks!
You barely miss Khukhl Merim.
Khukhl Merim is heavily damaged.
Khukhl Merim hits you.
You die...

▓▓▓▓▓▓▓▓ ▓▓▓▓▓▓▓▓ ....▓▓▓▓
▓▓▓▓.... .......▓▓▓ ▓▓▓.......
.........▓▓ ▓▓.........
..........▓ ▓▓▓▓▓▓▓▓▓ ▓..........
..........▓▓▓...P...▓▓▓..........
..........▓▓.........▓▓..........
..........▓...........▓..........
...............%@W%..............
.........%▓...........▓).........
..........▓▓.........▓▓..........
..........▓▓▓.......▓▓▓..........
..........# ▓▓▓▓▓▓▓▓▓ #..........
.........## ##.........
.......### ###....... ....####
####.... ######### #########


You could see Khukhl Merim the phantom and a friendly oklob sapling.

Vanquished Creatures
  2 bats (Zot)
  A goblin (Zot)
  2 rats (Zot)
5 creatures vanquished.

Vanquished Creatures (collateral kills)
  A giant cockroach (Zot)
  A giant newt (Zot)
2 creatures vanquished.

Grand Total: 7 creatures vanquished

Notes
Turn   | Place    | Note
--------------------------------------------------------------
     0 | Zot      | stupendous, the Felid Conjurer, began the quest for the Orb.
     0 | Zot      | Reached XP level 1. HP: 7/7 MP: 4/4
   222 | Zot      | Reached XP level 2. HP: 7/11 MP: 2/5
   240 | Zot      | Noticed Khukhl Merim
   264 | Zot      | Slain by Khukhl Merim the phantom

Action                   || total
-------------------------++-------
Melee: Unarmed           ||    25
 Cast: Magic Dart        ||    11
 Abil: Make oklob saplin ||     1
  Use: Potion            ||     1
